 Dungeon Sprint DCSS version 0.23.2-1-ga50397a6bc (webtiles) character file.

Game seed: 6173530574140330915

3300 Kobolds4U the Imperceptible (level 9, -4/43 HPs)
             Began as a Spriggan Assassin on May 23, 2019.
             Was an Elder of Okawaru.
             Slain by an unseen horror (11 damage)
             ... in the Dungeon (Sprint I: "Red Sonja").
             The game lasted 00:02:54 (222 turns).

Kobolds4U the Imperceptible (Spriggan Assassin)      Turns: 222, Time: 00:02:55

Health: -4/43      AC:  3    Str:  7    XL:     9   Next: 70%
Magic:  14/14      EV: 29    Int: 13    God:    Okawaru [****..]
Gold:   513        SH:  0    Dex: 20    Spells: 8/8 levels left

rFire    . . .     SeeInvis +   a - +2 dagger
rCold    . . .     Gourm    .   (shield restricted)
rNeg     . . .     Faith    .   c - +0 robe
rPois    .         Spirit   .   (helmet restricted)
rElec    .         Reflect  .   d - +0 cloak
rCorr    .         Harm     .   (gloves unavailable)
MR       +....     NoTele   +   (boots unavailable)
Stlth    +++++++++.             (no amulet)
HPRegen  0.14/turn              (no ring)
MPRegen  0.14/turn              (no ring)

@: very quick
A: very small, unfitting armour, see invisible, herbivore, speed 3, slow
metabolism 2
a: Heroism, Renounce Religion


You were in the Dungeon.
You worshipped Okawaru.
Okawaru was greatly pleased with you.
You were not hungry.

You visited 1 branch You collected 513 gold pieces.

Inventory:

Hand Weapons
 a - a +2 dagger (weapon)
 b - a +0 blowgun
 o - a +0 shortbow
Missiles
 e - 4 poisoned needles
 n - 3 curare-tipped needles
 p - 49 arrows
Armour
 c - a +0 robe (worn)
 d - a +0 cloak (worn)
Potions
 f - a potion of flight {unknown}
 h - 2 potions of curing
 i - a potion of heal wounds
 j - a potion of haste
 k - 2 potions of magic
 l - a potion of berserk rage
 m - a potion of lignification {unknown}
Comestibles
 g - a ration


   Skills:
 - Level 2.5 Fighting
 - Level 3.5 Short Blades
 - Level 3.1 Throwing
 * Level 12.0 Dodging
 - Level 26.1 Stealth
 + Level 5.6 Invocations


You had 8 spell levels left.
You didn't know any spells.
Your spell library contained the following spells:

 Spells                   Type           Power        Failure   Level  Hunger
 Shock                    Conj/Air       #...         30%         1    ##.....
 Swiftness                Chrm/Air       #.......     43%         2    ###....
 Static Discharge         Conj/Air       #.......     67%         3    ####...
 Airstrike                Air            #.........   97%         4    #####..
 Lightning Bolt           Conj/Air       #.........   100%        5    ######.


Dungeon Overview and Level Annotations

Branches:
Dungeon (1/1)

Altars:
Cheibriados
Dithmenos
Elyvilon
Fedhas
Gozag
Hepliaklqana
Kikubaaqudgha
Makhleb
Nemelex Xobeh
Okawaru
Qazlal
Ru
Sif Muna
Trog
Uskayaw
Vehumet
Wu Jian
Xom
Yredelemnul
Zin
The Shining One
Jiyva
Lugonu

Shops:
D [


Innate Abilities, Weirdness & Mutations

You are very small and have problems with some larger weapons.
You are too small for most types of armour.
You have supernaturally acute eyesight. (SInv)
You are a herbivore.
You cover ground extremely quickly.
You need to consume almost no food.


Message History

The unseen horror is moderately wounded.
The unseen horror misses you.
a - a +2 dagger (weapon)
The unseen horror misses you.
You see here a redback corpse.
The unseen horror hits you.
* * * LOW HITPOINT WARNING * * *
The unseen horror misses you.
There is an open door here.
There is an open door here.
You closely miss the unseen horror.
The unseen horror is severely wounded.
The unseen horror hits you but does no damage.
You barely miss the unseen horror.
The unseen horror is severely wounded.
The unseen horror barely misses you.
You hit the unseen horror but do no damage.
The unseen horror is severely wounded.
The unseen horror hits you!
You die...

#############
'..#.)'..#__#
#.)'..#..'..+
##'#####'#__####
#..#...#.####.§####
####..##)#§§§§§#§.#
___##'#_§'≈≈§§.'§.#
∩...'..._#≈§§§§#@x#
.__##_.#'##+#####'###
___###+#)# #.'.# ####
### ###.# #.#
##########.#
#....§.§##§#
#.(..§§§§'§#
#+++######§#


You could see an unseen horror (invisible).

Vanquished Creatures
  2 centaur warriors (D)
  An unseen horror (D)
  An oklob plant (D)
  A hornet (D)
  A slime creature (D)
  Sigmund (D)
  2 redbacks (D)
  A yak (D)
  An ogre (D)
  A jelly (D)
  Ijyb (D)
13 creatures vanquished.

Notes
Turn   | Place    | Note
-------+----------+-------------------------------------------
     0 | D        | Kobolds4U the Spriggan Assassin began the quest for the
                  | Orb.
     0 | D        | Reached XP level 1. HP: 10/10 MP: 2/2
     1 | D        | Noticed Ijyb
    14 | D        | Killed Ijyb
    14 | D        | Reached skill level 7 in Stealth
    14 | D        | Reached XP level 2. HP: 16/16 MP: 3/3
    27 | D        | Noticed an ogre
    30 | D        | Killed an ogre
    30 | D        | Reached skill level 12 in Stealth
    30 | D        | Reached XP level 3. HP: 19/19 MP: 4/4
    30 | D        | Reached XP level 4. HP: 23/23 MP: 5/5
    39 | D        | Noticed Sigmund
    42 | D        | Killed Sigmund
    42 | D        | Reached skill level 17 in Stealth
    42 | D        | Reached XP level 5. HP: 27/27 MP: 6/6
    42 | D        | Reached XP level 6. HP: 32/32 MP: 7/7
    57 | D        | Found a burning altar of Makhleb.
    57 | D        | Found a viscous altar of Jiyva.
    57 | D        | Found a shimmering altar of Xom.
    57 | D        | Found a corrupted altar of Lugonu.
    57 | D        | Noticed a slime creature
    60 | D        | Killed a slime creature
    60 | D        | Reached skill level 19 in Stealth
    62 | D        | Found an ornate altar of the Wu Jian Council.
    62 | D        | Found a deep blue altar of Sif Muna.
    64 | D        | Found a radiant altar of Vehumet.
    93 | D        | Found Tytod's Antique Armour Emporium.
    93 | D        | Found an ancient bone altar of Kikubaaqudgha.
    93 | D        | Found a hazy altar of Hepliaklqana.
    93 | D        | Found a stormy altar of Qazlal.
    93 | D        | Found a hide-covered altar of Uskayaw.
    93 | D        | Found a blossoming altar of Fedhas.
    93 | D        | Found a bloodstained altar of Trog.
    93 | D        | Found an iron altar of Okawaru.
    93 | D        | Found a basalt altar of Yredelemnul.
    93 | D        | Found a glowing golden altar of the Shining One.
    93 | D        | Found a snail-covered altar of Cheibriados.
    93 | D        | Found a sacrificial altar of Ru.
    93 | D        | Found a glowing silver altar of Zin.
    93 | D        | Found a shadowy altar of Dithmenos.
    93 | D        | Found a white marble altar of Elyvilon.
    93 | D        | Noticed a yak
    94 | D        | Found an opulent altar of Gozag.
    95 | D        | Killed a yak
    95 | D        | Reached skill level 21 in Stealth
    95 | D        | Reached XP level 7. HP: 35/35 MP: 8/8
    96 | D        | Found a sparkling altar of Nemelex Xobeh.
   101 | D        | Became a worshipper of Warmaster Okawaru
   112 | D        | Noticed a centaur warrior
   114 | D        | Noticed a centaur warrior
   123 | D        | Killed a centaur warrior
   123 | D        | Reached * piety under Okawaru
   123 | D        | Reached ** piety under Okawaru
   123 | D        | Reached skill level 23 in Stealth
   123 | D        | Reached XP level 8. HP: 39/39 MP: 9/9
   124 | D        | Killed a centaur warrior
   124 | D        | Reached *** piety under Okawaru
   124 | D        | Reached skill level 25 in Stealth
   134 | D        | Noticed a hornet
   137 | D        | Killed a hornet
   137 | D        | Received a gift from Okawaru
   137 | D        | Reached skill level 1 in Invocations
   137 | D        | Reached XP level 9. HP: 43/43 MP: 9/11
   149 | D        | Noticed an oklob plant
   151 | D        | Killed an oklob plant
   151 | D        | Reached skill level 26 in Stealth
   158 | D        | Reached **** piety under Okawaru
   161 | D        | Reached skill level 10 in Dodging
   182 | D        | Noticed an unseen horror
   182 | D        | Noticed an unseen horror
   207 | D        | Killed an unseen horror
   207 | D        | Reached skill level 5 in Invocations
   222 | D        | Slain by an unseen horror

Skill      XL: |  1  2  3  4  5  6  7  8  9 |
---------------+----------------------------+-----
Fighting       | 2 |  2.5
Short Blades   | 3 |  3.5
Throwing       | 3 |  3.1
Dodging        | 3 6 12 | 12.0
Stealth        | 7 12 17 21 23 25 26 | 26.1
Invocations    | 1 5 |  5.6

Action                   |  1- 3 |  4- 6 |  7- 9 || total
-------------------------+-------+-------+-------++-------
Melee: Dagger            |     1 |     4 |    21 ||    26
 Fire: Blowgun           |     6 |       |     6 ||    12
  Use: Scroll            |       |       |     1 ||     1
 Stab: Sleeping          |     1 |     4 |     6 ||    11
Armor: Robe              |       |       |     2 ||     2
Dodge: Dodged            |     1 |       |    31 ||    32
